TOP OF THE 1ST |
District 9 Prawns batting - Pitching for Redwood City Redwoods : LHP Raúl Fernández
|
Pitching: LHP Raúl Fernández
|
|
Batting: SHB José Estreito
|
0-0: Ball 1-0: Ball 2-0: Ball 3-0: Base on Balls
|
Batting: RHB José Colón
|
0-0: Ball 1-0: Ball 2-0: Ground out 5-3 (Groundball, 56S) José Estreito to second
|
Batting: LHB Leonard Young
|
0-0: Ball 1-0: Foul Ball, location: 2F 1-1: Ball 2-1: Foul Ball, location: 2F 2-2: Ground out 3-1 (Groundball, 34) José Estreito to third
|
Batting: RHB Felipe Jareño
|
0-0: Ball 1-0: Called Strike 1-1: Swinging Strike 1-2: Strikes out looking
|
Top of the 1st over - 0 run(s), 0 hit(s), 0 error(s), 1 left on base; District 9 0 - Redwood City 0 |
BOTTOM OF THE 1ST |
Redwood City Redwoods batting - Pitching for District 9 Prawns : LHP Nelson Béltre
|
Pitching: LHP Nelson Béltre
|
|
Batting: RHB Javier Ortíz
|
0-0: Fly out, F8 (Flyball, 89XD)
|
Batting: RHB Robert Downing
|
0-0: Called Strike 0-1: Swinging Strike 0-2: Ball 1-2: Ball 2-2: Ball 3-2: Strikes out swinging
|
Batting: LHB Marcos Pérez
|
0-0: Swinging Strike 0-1: Ball 1-1: Ball 2-1: Swinging Strike 2-2: Foul Ball, location: 2F 2-2: Strikes out swinging
|
Bottom of the 1st over - 0 run(s), 0 hit(s), 0 error(s), 0 left on base; District 9 0 - Redwood City 0 |
TOP OF THE 2ND |
District 9 Prawns batting - Pitching for Redwood City Redwoods : LHP Raúl Fernández
|
Batting: LHB Leonard Harvey
|
0-0: Fly out, F7 (Flyball, 7LSF)
|
Batting: RHB Jim Edgar
|
0-0: Ball 1-0: Ball 2-0: Foul Ball, location: 2F 2-1: Foul Ball, location: 2F 2-2: Ball 3-2: Base on Balls
|
Batting: RHB Reynold Akker
|
0-0: Called Strike 0-1: Ball 1-1: Ball 2-1: Ball 3-1: Called Strike 3-2: Foul Ball, location: 2F 3-2: Foul Ball, location: 2F 3-2: Foul Ball, location: 2F 3-2: Foul Ball, location: 2F 3-2: Base on Balls Jim Edgar to second
|
Batting: RHB Gil Palmer
|
0-0: Ball 1-0: Fly out, F9 (Line Drive, 9D) Runner from 2nd tags up, SAFE at 3rd, no throw
|
Batting: RHB Phil Jacobs
|
0-0: Called Strike 0-1: Called Strike 0-2: Ball 1-2: Ball 2-2: Strikes out swinging
|
Top of the 2nd over - 0 run(s), 0 hit(s), 0 error(s), 2 left on base; District 9 0 - Redwood City 0 |
BOTTOM OF THE 2ND |
Redwood City Redwoods batting - Pitching for District 9 Prawns : LHP Nelson Béltre
|
Batting: RHB Richie Miller
|
0-0: Ball 1-0: Foul Ball, location: 2F 1-1: Foul Ball, location: 2F 1-2: Ball 2-2: Ball 3-2: SOLO HOME RUN (Flyball, 7LD), Distance : 324 ft
|
Batting: LHB Keith Green
|
0-0: Foul Ball, location: 2F 0-1: Foul Ball, location: 2F 0-2: Strikes out swinging
|
Batting: LHB Pedro Rodríguez
|
0-0: Fly out, F8 (Line Drive, 89M)
|
Batting: LHB Marcos Vázquez
|
0-0: Foul Ball, location: 2F 0-1: Swinging Strike 0-2: Ball 1-2: Foul Ball, location: 2F 1-2: Ball 2-2: Foul Ball, location: 2F 2-2: SOLO HOME RUN (Flyball, 9D), Distance : 363 ft
|
Batting: RHB Héctor Vázquez
|
0-0: Ball 1-0: Called Strike 1-1: Ball 2-1: Called Strike 2-2: Strikes out swinging
|
Bottom of the 2nd over - 2 run(s), 2 hit(s), 0 error(s), 0 left on base; District 9 0 - Redwood City 2 |
TOP OF THE 3RD |
District 9 Prawns batting - Pitching for Redwood City Redwoods : LHP Raúl Fernández
|
Batting: SHB José Estreito
|
0-0: Ball 1-0: Called Strike 1-1: Bunted foul 1-2: Strikes out swinging
|
Batting: RHB José Colón
|
0-0: Ball 1-0: Foul Ball, location: 2F 1-1: Ball 2-1: Foul Ball, location: 2F 2-2: Ground out 1-3 (Groundball, P)
|
Batting: LHB Leonard Young
|
0-0: Called Strike 0-1: Ball 1-1: Ball 2-1: Foul Ball, location: 2F 2-2: Ground out U3 (Groundball, 3)
|
Top of the 3rd over - 0 run(s), 0 hit(s), 0 error(s), 0 left on base; District 9 0 - Redwood City 2 |
BOTTOM OF THE 3RD |
Redwood City Redwoods batting - Pitching for District 9 Prawns : LHP Nelson Béltre
|
Batting: RHB David Strickland
|
0-0: Ball 1-0: Swinging Strike 1-1: Called Strike 1-2: Ball 2-2: Strikes out looking
|
Batting: RHB Javier Ortíz
|
0-0: Ball 1-0: Ball 2-0: Called Strike 2-1: Swinging Strike 2-2: Ball 3-2: Foul Ball, location: 2F 3-2: Strikes out looking
|
Batting: RHB Robert Downing
|
0-0: Ball 1-0: Ball 2-0: Called Strike 2-1: DOUBLE (Line Drive, 8RD)
|
Batting: LHB Marcos Pérez
|
0-0: Ball 1-0: Foul Ball, location: 2F 1-1: Ball 2-1: Ball 3-1: Swinging Strike 3-2: Fly out, F4 (Line Drive, 4)
|
Bottom of the 3rd over - 0 run(s), 1 hit(s), 0 error(s), 1 left on base; District 9 0 - Redwood City 2 |
TOP OF THE 4TH |
District 9 Prawns batting - Pitching for Redwood City Redwoods : LHP Raúl Fernández
|
Batting: RHB Felipe Jareño
|
0-0: Called Strike 0-1: Ball 1-1: Ball 2-1: DOUBLE (Line Drive, 7LD)
|
Batting: LHB Leonard Harvey
|
0-0: Swinging Strike 0-1: Ball 1-1: SINGLE (Line Drive, 34D) Felipe Jareño to third
|
Batting: RHB Jim Edgar
|
0-0: Ball 1-0: Ball Wild Pitch! Felipe Jareño scores Leonard Harvey to second 2-0: Ball 3-0: Base on Balls
|
Batting: RHB Reynold Akker
|
0-0: Foul Ball, location: 2F 0-1: Ball 1-1: Foul Ball, location: 2F 1-2: SINGLE (Line Drive, 7LM) Leonard Harvey to third Jim Edgar to second
|
Batting: RHB Gil Palmer
|
0-0: Ball 1-0: Foul Ball, location: 2F 1-1: Foul Ball, location: 2F 1-2: Ball 2-2: Ball 3-2: Base on Balls Leonard Harvey scores Jim Edgar to third Reynold Akker to second
|
Batting: RHB Phil Jacobs
|
0-0: Ball 1-0: Ball 2-0: Ball 3-0: Called Strike 3-1: Base on Balls Jim Edgar scores Reynold Akker to third Gil Palmer to second
|
Batting: SHB José Estreito
|
0-0: Called Strike 0-1: Swinging Strike 0-2: Ball 1-2: Foul Ball, location: 2F 1-2: Strikes out swinging
|
Batting: RHB José Colón
|
0-0: Called Strike 0-1: Called Strike 0-2: Grounds into double play, 6-4-3 (Groundball, 6MD)
|
Top of the 4th over - 3 run(s), 3 hit(s), 0 error(s), 2 left on base; District 9 3 - Redwood City 2 |
BOTTOM OF THE 4TH |
Redwood City Redwoods batting - Pitching for District 9 Prawns : LHP Nelson Béltre
|
Batting: RHB Richie Miller
|
0-0: Called Strike 0-1: Foul Ball, location: 2F 0-2: Ball 1-2: Strikes out swinging
|
Batting: LHB Keith Green
|
0-0: Called Strike 0-1: Ball 1-1: Foul Ball, location: 2F 1-2: Fly out, F7 (Flyball, 7)
|
Batting: LHB Pedro Rodríguez
|
0-0: Called Strike 0-1: Ground out 6-3 (Groundball, 6)
|
Bottom of the 4th over - 0 run(s), 0 hit(s), 0 error(s), 0 left on base; District 9 3 - Redwood City 2 |
TOP OF THE 5TH |
District 9 Prawns batting - Pitching for Redwood City Redwoods : LHP Raúl Fernández
|
Batting: LHB Leonard Young
|
0-0: Swinging Strike 0-1: Called Strike 0-2: SINGLE (Groundball, 4MD)
|
Batting: RHB Felipe Jareño
|
0-0: Ball 1-0: Ball 2-0: Ball 3-0: Base on Balls Leonard Young to second
|
Pitching: RHP Domingo Franco
|
|
Batting: LHB Leonard Harvey
|
0-0: Called Strike 0-1: Ball 1-1: Ball 2-1: Ball 3-1: Grounds into double play, 6-4-3 (Groundball, 6) Leonard Young to third
|
Batting: RHB Jim Edgar
|
0-0: Swinging Strike 0-1: Called Strike 0-2: Ball 1-2: Strikes out swinging
|
Top of the 5th over - 0 run(s), 1 hit(s), 0 error(s), 1 left on base; District 9 3 - Redwood City 2 |
BOTTOM OF THE 5TH |
Redwood City Redwoods batting - Pitching for District 9 Prawns : LHP Nelson Béltre
|
Batting: LHB Marcos Vázquez
|
0-0: Swinging Strike 0-1: Swinging Strike 0-2: Strikes out looking
|
Batting: RHB Héctor Vázquez
|
0-0: Ball 1-0: Ball 2-0: SINGLE (Groundball, 4MD)
|
Batting: RHB David Strickland
|
0-0: Called Strike 0-1: Ball 1-1: Ball 2-1: Called Strike 2-2: Ground out 4-3 (Groundball, 34) Héctor Vázquez to second
|
Batting: RHB Javier Ortíz
|
0-0: Ball 1-0: Ball 2-0: Ball 3-0: Foul Ball, location: 2F 3-1: Base on Balls
|
Batting: RHB Robert Downing
|
0-0: Ball 1-0: SINGLE (Groundball, 4MD) Héctor Vázquez to third Javier Ortíz to second Runner from 3rd tries for Home, SAFE, no throw
|
Pitching: RHP Juan Gutiérrez
|
|
Batting: LHB Marcos Pérez
|
0-0: DOUBLE (Line Drive, 89D) Javier Ortíz scores Robert Downing to third
|
Batting: RHB Richie Miller
|
0-0: Called Strike 0-1: Called Strike 0-2: Foul Ball, location: 2F 0-2: Strikes out swinging
|
Bottom of the 5th over - 2 run(s), 3 hit(s), 0 error(s), 2 left on base; District 9 3 - Redwood City 4 |
TOP OF THE 6TH |
District 9 Prawns batting - Pitching for Redwood City Redwoods : RHP Domingo Franco
|
Batting: RHB Reynold Akker
|
0-0: Foul Ball, location: 2F 0-1: Ball 1-1: SINGLE (Flyball, 89S)
|
Batting: RHB Gil Palmer
|
0-0: Ball 1-0: Ball 2-0: Ball 3-0: Base on Balls Reynold Akker to second
|
Batting: RHB Phil Jacobs
|
0-0: Ball 1-0: Ball 2-0: Ball 3-0: Base on Balls Reynold Akker to third Gil Palmer to second
|
Batting: SHB José Estreito
|
0-0: Ball 1-0: Ball 2-0: Ball 3-0: Base on Balls Reynold Akker scores Gil Palmer to third Phil Jacobs to second
|
Batting: RHB José Colón
|
0-0: Called Strike 0-1: Grounds into fielders choice 1-2 (Groundball, 13S) Phil Jacobs to third José Estreito to second
|
Batting: LHB Leonard Young
|
0-0: Foul Ball, location: 2F 0-1: Ball 1-1: Swinging Strike 1-2: Grounds into fielders choice 1-2 (Groundball, 13S) José Estreito to third José Colón to second
|
Batting: RHB Felipe Jareño
|
0-0: Ball 1-0: Foul Ball, location: 2F 1-1: Fly out, F6 (Popup, 6)
|
Top of the 6th over - 1 run(s), 1 hit(s), 0 error(s), 3 left on base; District 9 4 - Redwood City 4 |
BOTTOM OF THE 6TH |
Redwood City Redwoods batting - Pitching for District 9 Prawns : RHP Juan Gutiérrez
|
Batting: LHB Keith Green
|
0-0: Called Strike 0-1: Called Strike 0-2: Strikes out swinging
|
Batting: LHB Pedro Rodríguez
|
0-0: Foul Ball, location: 2F 0-1: Ball 1-1: Called Strike 1-2: SOLO HOME RUN (Line Drive, 7LD), Distance : 318 ft
|
Batting: LHB Marcos Vázquez
|
0-0: Called Strike 0-1: Foul Ball, location: 2F 0-2: Ball 1-2: Ball 2-2: Ball 3-2: Base on Balls
|
Batting: RHB Héctor Vázquez
|
0-0: Swinging Strike 0-1: Called Strike 0-2: Ball 1-2: Ball 2-2: Strikes out swinging
|
Batting: RHB David Strickland
|
0-0: Called Strike 0-1: Ground out 4-3 (Groundball, 34)
|
Bottom of the 6th over - 1 run(s), 1 hit(s), 0 error(s), 1 left on base; District 9 4 - Redwood City 5 |
TOP OF THE 7TH |
District 9 Prawns batting - Pitching for Redwood City Redwoods : RHP Domingo Franco
|
Batting: LHB Leonard Harvey
|
0-0: Ball 1-0: Called Strike 1-1: Ball 2-1: Ball 3-1: Foul Ball, location: 2F 3-2: Fly out, F8 (Flyball, 8LD)
|
Batting: RHB Jim Edgar
|
0-0: Ball 1-0: Ball 2-0: Ball 3-0: Called Strike 3-1: Base on Balls
|
Pitching: RHP Johnny Bryant
|
|
Batting: RHB Reynold Akker
|
0-0: Ball 1-0: Fly out, F9 (Flyball, 9LS)
|
Pinch Hitting: LHB Terry Simpson
|
0-0: Ball 1-0: Ball 2-0: Ball 3-0: Base on Balls Jim Edgar to second
|
Pinch Hitting: RHB Doug O'Brien
|
0-0: Ball 1-0: Foul Ball, location: 2F 1-1: Foul Ball, location: 2F 1-2: Ball 2-2: Fly out, F9 (Flyball, 9LS)
|
Top of the 7th over - 0 run(s), 0 hit(s), 0 error(s), 2 left on base; District 9 4 - Redwood City 5 |
BOTTOM OF THE 7TH |
Redwood City Redwoods batting - Pitching for District 9 Prawns : RHP Juan Gutiérrez
|
Now at SS: Boyd Pittman
|
|
Now in RF: Ralph Schultz
|
|
Batting: RHB Javier Ortíz
|
0-0: Called Strike 0-1: Foul Ball, location: 2F 0-2: Ball 1-2: Foul Ball, location: 2F 1-2: Ball 2-2: Ball 3-2: Foul Ball, location: 2F 3-2: Reached via error on a dropped throw, E3
|
Pinch Hitting: LHB Richard Olvera
|
0-0: Foul Ball, location: 2F 0-1: Ball Javier Ortíz is caught stealing 2nd base 1-1: Swinging Strike 1-2: Ground out 4-3 (Groundball, 4)
|
Pitching: LHP Norberto Marerro
|
|
Batting: LHB Marcos Pérez
|
0-0: Swinging Strike 0-1: Ground out 4-3 (Groundball, 4)
|
Bottom of the 7th over - 0 run(s), 0 hit(s), 1 error(s), 0 left on base; District 9 4 - Redwood City 5 |
TOP OF THE 8TH |
District 9 Prawns batting - Pitching for Redwood City Redwoods : RHP Johnny Bryant
|
Now at 2B: Ken Smith
|
|
Batting: SHB José Estreito
|
0-0: Ball 1-0: Foul Ball, location: 2F 1-1: Ground out 5-3 (Groundball, 56)
|
Batting: RHB José Colón
|
0-0: Ball 1-0: Ball 2-0: Ball 3-0: Base on Balls
|
Batting: LHB Leonard Young
|
0-0: Ground out 4-3 (Groundball, 34) José Colón to second
|
Batting: RHB Felipe Jareño
|
0-0: Called Strike 0-1: Ball 1-1: Called Strike 1-2: Ball 2-2: Ball 3-2: SINGLE (Line Drive, 89M) José Colón to third José Colón scores
|
Batting: LHB Leonard Harvey
|
0-0: Called Strike 0-1: Swinging Strike 0-2: Foul Ball, location: 2F 0-2: Foul Ball, location: 2F 0-2: Hit by Pitch Felipe Jareño to second
|
Batting: RHB Jim Edgar
|
0-0: Ball 1-0: Foul Ball, location: 2F 1-1: Called Strike 1-2: Ball 2-2: Strikes out swinging
|
Top of the 8th over - 1 run(s), 1 hit(s), 0 error(s), 2 left on base; District 9 5 - Redwood City 5 |
BOTTOM OF THE 8TH |
Redwood City Redwoods batting - Pitching for District 9 Prawns : LHP Norberto Marerro
|
Batting: RHB Richie Miller
|
0-0: Ball 1-0: Ball 2-0: Ball 3-0: Called Strike 3-1: DOUBLE (Groundball, 5L)
|
Pinch Hitting: RHB Bob Campbell
|
0-0: Intentional Walk
|
Pinch Hitting: RHB Juan Robles
|
0-0: Ground out 5-3 (Groundball, 5S) Richie Miller to third Bob Campbell to second
|
Pitching: RHP Mike Stabler
|
|
Batting: LHB Marcos Vázquez
|
0-0: Ball 1-0: Ball 2-0: Foul Ball, location: 2F 2-1: Called Strike 2-2: DOUBLE (Line Drive, 78D) Richie Miller scores Bob Campbell scores
|
Batting: RHB Héctor Vázquez
|
0-0: Intentional Walk
|
Pinch Hitting: LHB Bill McCraney
|
0-0: Called Strike 0-1: SINGLE (Line Drive, 34D) Marcos Vázquez to third Héctor Vázquez to second Runner from 3rd tries for Home, SAFE, no throw
|
Batting: RHB Javier Ortíz
|
0-0: Foul Ball, location: 2F 0-1: DOUBLE (Line Drive, 7D) Héctor Vázquez scores Bill McCraney to third
|
Batting: LHB Ken Smith
|
0-0: Ball 1-0: SINGLE (Popup, 3D) Bill McCraney scores Javier Ortíz to third Runner from 3rd tries for Home, SAFE, no throw
|
Pitching: RHP José Huerta
|
|
Batting: LHB Marcos Pérez
|
0-0: Called Strike 0-1: Ball 1-1: Ball 2-1: Fielders Choice at 2nd, 6-4 (Groundball, 6)
|
Batting: RHB Richie Miller
|
0-0: Foul Ball, location: 2F 0-1: Ball 1-1: Ball 2-1: Called Strike 2-2: Ball 3-2: Foul Ball, location: 2F 3-2: SINGLE (Groundball, 56D) Marcos Pérez to second Marcos Pérez to third
|
Batting: RHB Bob Campbell
|
0-0: Fly out, F5 (Line Drive, 5S)
|
Bottom of the 8th over - 6 run(s), 6 hit(s), 0 error(s), 2 left on base; District 9 5 - Redwood City 11 |
TOP OF THE 9TH |
District 9 Prawns batting - Pitching for Redwood City Redwoods : RHP Johnny Bryant
|
Now at 1B: Carlos Gonzáles
|
|
Now at SS: Chris Hall
|
|
Now in LF: Bob Campbell
|
|
Batting: RHB Reynold Akker
|
0-0: Called Strike 0-1: Ball 1-1: Foul Ball, location: 2F 1-2: Ball 2-2: Ground out 5-3 (Groundball, 5L)
|
Batting: RHB Boyd Pittman
|
0-0: Ball 1-0: Ball 2-0: Called Strike 2-1: Foul Ball, location: 2F 2-2: Ball 3-2: Strikes out swinging
|
Batting: LHB Ralph Schultz
|
0-0: Ball 1-0: Called Strike 1-1: Ground out 4-3 (Groundball, 4)
|
Top of the 9th over - 0 run(s), 0 hit(s), 0 error(s), 0 left on base; District 9 5 - Redwood City 11 |
|